 Dungeon Crawl Stone Soup version 0.27.1-1-g398f81649c (webtiles) character file.

Game seed: 13411360819193717455

2874 Icepheonix32 the Covered (level 9, -1/69 HPs)
             Began as a Demonspawn Fighter on Sept 19, 2021.
             Was an Elder of Uskayaw.
             Incinerated by a deep elf pyromancer (5 damage)
             ... with a sticky flame
             ... on level 7 of the Dungeon.
             The game lasted 00:17:16 (8546 turns).

Icepheonix32 the Covered (Demonspawn Fighter)       Turns: 8546, Time: 00:17:17

Health: -1/69      AC: 12    Str: 19    XL:     9   Next: 47%
Magic:  0/15       EV: 15    Int: 10    God:    Uskayaw [****..]
Gold:   332        SH:  0    Dex: 13    Spells: 14/16 levels left

rFire    . . .     SeeInvis .   C - +2 spear (vorpal)
rCold    + . .     Faith    .   j - +0 buckler
rNeg     . . .     Spirit   +   v - +1 scale mail {rC+}
rPois    +         Reflect  .   (helmet restricted)
rElec    .         Harm     .   (no cloak)
rCorr    .         Rampage  .   n - +0 pair of gloves
Will     .....                  (no boots)
Stlth    ..........             (no amulet)
HPRegen  0.21/turn              o - +4 ring of evasion
MPRegen  0.28/turn              F - ring of poison resistance

@: confused, mighty, on fire, ambrosia-drunk, glowing
A: horns 1, icy blue scales 1, foul stench 1, magic shield, magic regeneration
a: Renounce Religion, Stomp, Line Pass


You were on level 7 of the Dungeon.
You worshipped Uskayaw.
Uskayaw was noncommittal.
You visited 2 branches of the dungeon, and saw 8 of its levels.

You collected 332 gold pieces.

Inventory:

Hand Weapons
 w - a +2 spear of flaming
 C - a +2 vorpal spear (weapon)
 G - a +3 rapier of freezing
Missiles
 i - 12 poisoned darts (quivered)
 r - 2 throwing nets
 y - 10 silver boomerangs
Armour
 c - a +0 kite shield
 f - a +2 chain mail of fire resistance
 j - a +0 buckler (worn)
 n - a +0 pair of gloves (worn)
 v - a +1 scale mail of cold resistance (worn)
Jewellery
 o - a +4 ring of evasion (left hand)
 F - a ring of poison resistance (right hand)
Wands
 A - a wand of iceblast (13)
Scrolls
 a - a scroll of vulnerability {unknown}
 b - a scroll of enchant armour {unknown}
 e - 2 scrolls of noise {unknown}
 g - 7 scrolls of identify {unknown}
 k - 2 scrolls of teleportation {unknown}
 m - 3 scrolls of blinking {unknown}
 p - 2 scrolls of fear {unknown}
 q - 2 scrolls of brand weapon {unknown}
 s - a scroll of torment {unknown}
 t - a scroll of immolation {unknown}
 u - a scroll of magic mapping {unknown}
 H - 2 scrolls of amnesia {unknown}
Potions
 h - a potion of brilliance {unknown}
 l - 2 potions of magic {unknown}
 x - a potion of berserk rage {unknown}
 z - a potion of heal wounds {unknown}
 B - 2 potions of haste
 D - a potion of mutation {unknown}
 I - a potion of resistance {unknown}


   Skills:
 * Level 6.0 Fighting
 - Level 2.0 Maces & Flails
 - Level 2.1 Polearms
 * Level 6.8 Armour
 + Level 3.4 Dodging
 + Level 2.5 Stealth
 + Level 4.4 Shields
 * Level 4.1 Spellcasting
 * Level 4.1 Transmutations
 * Level 1.9 Invocations


You had 14 spell levels left.
You knew the following spells:

 Your Spells              Type           Power      Damage    Failure   Level
a - Wereblood             Tmut           10%        N/A       19%         2

Your spell library contained the following spells:

 Spells                   Type           Power      Damage    Failure   Level
 Sublimation of Blood     Necr           1%         N/A       71%         2
 Dazzling Flash           Conj/Hex       4%         N/A       90%         3
 Fulminant Prism          Conj/Hex       1%         3d6       100%        4
 Iskenderun's Mystic Bla  Conj/Tloc      2%         2d3       100%        4
 Agony                    Necr           2%         N/A       100%        5
 Lee's Rapid Deconstruct  Erth           1%         3d5*      100%        5
 Silence                  Hex/Air        1%         N/A       100%        5
 Summon Hydra             Summ           1%         N/A       100%        7


Dungeon Overview and Level Annotations

Branches:
Dungeon (7/15)             Temple (1/1) D:4

Altars:
Ashenzari
Cheibriados
Dithmenos
Elyvilon
Fedhas
Gozag
Hepliaklqana
Kikubaaqudgha
Makhleb
Nemelex Xobeh
Okawaru
Qazlal
Ru
Sif Muna
Trog
Uskayaw
Vehumet
Wu Jian
Xom
Yredelemnul
Zin
The Shining One


Innate Abilities, Weirdness & Mutations

You have a pair of small horns on your head.
You are partially covered in icy blue scales. (AC +2)
You may rarely emit foul miasma when damaged in melee.
When hurt, damage is shared between your health and your magic reserves.
You regenerate magic rapidly.


Message History

You puncture the deep elf pyromancer!
The deep elf pyromancer is heavily wounded.
The deep elf pyromancer hits you with a +0 long sword.
* * * LOW HITPOINT WARNING * * *
Uskayaw will force your foes to share their pain.
You closely miss the deep elf pyromancer.
The deep elf pyromancer is heavily wounded.
The deep elf pyromancer hits you but does no damage.
You closely miss the deep elf pyromancer.
Your headbutt misses the deep elf pyromancer.
The deep elf pyromancer is heavily wounded.
The deep elf pyromancer hits you with a +0 long sword.
* * * LOW HITPOINT WARNING * * *
You closely miss the deep elf pyromancer.
You headbutt the deep elf pyromancer!
The deep elf pyromancer is severely wounded.
The deep elf pyromancer hits you with a +0 long sword.
* * * LOW HITPOINT WARNING * * *
You closely miss the deep elf pyromancer.
The deep elf pyromancer is severely wounded.
The deep elf pyromancer hits you but does no damage.
You puncture the deep elf pyromancer!
The deep elf pyromancer is almost dead.
You block the deep elf pyromancer's attack.
You closely miss the deep elf pyromancer.
The deep elf pyromancer is almost dead.
The deep elf pyromancer casts a spell.
The deep elf pyromancer blinks!
The deep elf pyromancer points at you and mumbles some strange words.
The sticky flame hits you!
You are covered in liquid flames!
* * * LOW HITPOINT WARNING * * *
You are covered in liquid flames!
* * * LOW HITPOINT WARNING * * *
The deep elf pyromancer casts a spell at you.
The bolt of fire misses you.
You are confused.
You feel invigorated.
You are covered in liquid flames!
You die...

......#...#...#...#...#....#
....#...#...#...#...#...#..#
.##...#...#...#...#.. #...##
. #.#...#...#.e.#...#... ..
. ##..#...#...#...#...#.
#.#..#...#...#..:#...
#.##...#...#...#.....
#.####...#.).#....... #.#
#..#..#.@..# #.#
#.####))...+ #.# #.# #)....#
... #.# #!....# #.#
#........ #.# #........ #..
.......... ...##...... .##
.....


You could see a deep elf pyromancer.

Vanquished Creatures
  A centaur zombie (D:6)
  A gargoyle (D:7)
  Eustachio (D:6)
  An ice beast (D:6)
  Duvessa (D:5)
  A sky beast (D:5)
  A necrophage (D:6)
  4 ogres
  A centaur (D:6)
  4 scorpions
  Dowan (D:5)
  4 jellies
  4 hounds
  2 gnoll shamans (D:5)
  4 iguanas
  2 centaur skeletons
  Terence (D:3)
  Natasha (thrice) (D:3)
  An orc wizard (D:4)
  Robin (D:3)
  19 gnolls
  8 adders
  A shadow imp (D:5)
  An ufetubus (D:4)
  A worm (D:2)
  2 dart slugs
  14 orcs
  7 ball pythons
  6 bats
  11 endoplasms
  7 giant cockroaches
  14 goblins
  16 hobgoblins
  7 jackals
  3 quokkas
  4 frilled lizards
  11 kobolds
  A rat (D:1)
172 creatures vanquished.

Notes
Turn   | Place    | Note
-------+----------+-------------------------------------------
     0 | D:1      | Icepheonix32 the Demonspawn Fighter began the quest for the
                  | Orb.
     0 | D:1      | Reached XP level 1. HP: 18/18 MP: 1/1
   157 | D:1      | Gained mutation: You may rarely emit foul miasma when
                  | damaged in melee. [demonic ancestry]
   157 | D:1      | Reached XP level 2. HP: 17/24 MP: 2/2
  1017 | D:1      | Reached XP level 3. HP: 28/29 MP: 3/3
  1151 | D:1      | Found a faded altar of an unknown god.
  1229 | D:1      | You fall into a shaft and drop 1 floor!
  1915 | D:2      | Reached skill level 1 in Dodging
  2370 | D:2      | Gained mutation: You have a pair of small horns on your
                  | head. [demonic ancestry]
  2370 | D:2      | Reached XP level 4. HP: 34/37 MP: 4/4
  2891 | D:3      | Noticed Natasha
  2899 | D:3      | Killed Natasha
  3006 | D:3      | Reached XP level 5. HP: 13/43 MP: 5/5
  3403 | D:3      | Found a sacrificial altar of Ru.
  3471 | D:3      | Learned a level 2 spell: Wereblood
  3573 | D:3      | Noticed Natasha
  3575 | D:3      | Noticed Terence
  3582 | D:3      | Killed Natasha
  3586 | D:3      | Killed Terence
  3697 | D:3      | Noticed Robin
  3732 | D:3      | Killed Robin
  3793 | D:3      | Noticed Natasha
  3802 | D:3      | Killed Natasha
  3803 | D:3      | Gained mutation: You are partially covered in icy blue
                  | scales. (AC +2) [demonic ancestry]
  3803 | D:3      | Reached XP level 6. HP: 43/49 MP: 6/6
  3861 | D:3      | Reached skill level 1 in Spellcasting
  3861 | D:3      | Reached skill level 1 in Transmutations
  4693 | D:4      | Reached skill level 5 in Fighting
  4693 | D:4      | Reached XP level 7. HP: 56/56 MP: 9/9
  4713 | D:4      | Reached skill level 1 in Polearms
  4822 | D:4      | Found a staircase to the Ecumenical Temple.
  4835 | Temple   | Entered the Ecumenical Temple
  4905 | Temple   | Became a worshipper of Uskayaw the Reveller
  5002 | D:4      | Reached * piety under Uskayaw
  5004 | D:4      | Reached ** piety under Uskayaw
  5078 | D:4      | Reached *** piety under Uskayaw
  5607 | D:5      | Entered Level 5 of the Dungeon
  5643 | D:5      | Noticed Duvessa
  5643 | D:5      | Noticed Dowan
  5659 | D:5      | Killed Duvessa
  5666 | D:5      | Killed Dowan
  5970 | D:5      | Gained mutation: You regenerate magic rapidly. [demonic
                  | ancestry]
  5970 | D:5      | Reached XP level 8. HP: 60/62 MP: 11/11
  6179 | D:5      | Reached skill level 5 in Armour
  6184 | D:5      | Reached **** piety under Uskayaw
  6189 | D:5      | Reached ***** piety under Uskayaw
  7159 | D:6      | Reached skill level 1 in Stealth
  7457 | D:5      | Gained mutation: When hurt, damage is shared between your
                  | health and your magic reserves. [demonic ancestry]
  7457 | D:5      | Reached XP level 9. HP: 47/69 MP: 14/14
  7580 | D:6      | Noticed Eustachio
  7785 | D:6      | Killed Eustachio
  7983 | D:6      | Reached skill level 1 in Invocations
  8500 | D:7      | Noticed a gargoyle
  8501 | D:7      | Noticed a deep elf pyromancer
  8534 | D:7      | Killed a gargoyle
  8546 | D:7      | Incinerated by a deep elf pyromancer

Illustrated notes

Levels and vault maps discovered:
D:1:      psy_arrival_fountain, layout_basic, shapermc_ecumenical_altar_venn
D:2:      layout_basic, kennysheep_cross_room, minivault_11, glass_columns_b
D:3:      layout_loops_corners, mainiacjoe_overflow_surrounded_room,
          uniq_terence, uniq_natasha, uniq_robin
D:4:      layout_rooms, temple_statues
D:5:      layout_basic, minmay_misc_feat_more_columns, minmay_fountain_box,
          uniq_duvessa
D:6:      layout_basic, uniq_eustachio
D:7:      minmay_cornered_nines, layout_basic, hex_large, serial_bayou_crossing
Temple:   dpeg_three_leaves_temple

Skill      XL: |  1  2  3  4  5  6  7  8  9 |
---------------+----------------------------+-----
Maces & Flails | 2 |  2.0
Shields        | 3 4 |  4.4
Armour         | 3 4 6 |  6.8
Dodging        | 1 2 3 |  3.4
Fighting       | 4 5 6 |  6.0
Spellcasting   | 1 2 3 4 |  4.1
Transmutations | 1 2 3 4 |  4.1
Polearms       | 2 |  2.1
Stealth        | 2 |  2.5
Invocations    | 1 |  1.9

Action                   |  1- 3 |  4- 6 |  7- 9 || total
-------------------------+-------+-------+-------++-------
Melee: Flail             |   176 |    92 |       ||   268
       Headbutt          |       |    29 |    54 ||    83
       Spear             |       |    54 |   322 ||   376
       Rapier            |       |       |     8 ||     8
Throw: Dart              |     8 |    13 |    29 ||    50
 Cast: Wereblood         |       |       |     3 ||     3
Invok: Stomp             |       |       |     2 ||     2
Evoke: Wand              |       |       |     1 ||     1
  Use: Potion            |       |       |     3 ||     3
 Stab: Paralysed         |       |       |     7 ||     7
Armor: Scale mail        |   131 |    51 |   109 ||   291
Dodge: Dodged            |    70 |    96 |   216 ||   382
Block: Kite shield       |   133 |    15 |       ||   148
       Buckler           |       |    31 |    73 ||   104
